 Dungeon Sprint DCSS version 0.31-a0-844-gdc52ec4e09 (webtiles) character file.

Game seed: 16769312713682933503

1751 sircluck the Grappler (level 8, -8/139 HPs)
             Began as a Troll Berserker on Sept 29, 2023.
             Was a High Priest of Trog.
             Mangled by Erica
             ... wielding a +3 scimitar of flaming
              (15 damage)
             ... in the Dungeon (Sprint VII: "The Pits").
             The game lasted 00:01:19 (454 turns).

sircluck the Grappler (Troll Berserker)              Turns: 454, Time: 00:01:20

Health: -8/139     AC:  4    Str: 28    XL:     8   Next: 78%
Magic:  7/7        EV: 12    Int:  3    God:    Trog [*****.]
Gold:   0          SH:  0    Dex:  9    Spells: 7/7 levels left

rFire   . .          .
                       - Unarmed
rCold   . . .        (no shield)
rNeg    . . .        a - +0 animal skin
rPois   .            (helmet restricted)
rElec   .            (no cloak)
rCorr   .            (gloves unavailable)
SInv    .            (boots unavailable)
Will    .....        (no amulet) Stlth
                     (no ring)
HPRegen 1.23/turn    (no ring)
MPRegen 0.10/turn

%: no teleportation
@: confused, berserking, slowed, invisible
A: large, unfitting armour, claws 3, regeneration 1, shaggy fur 1, tough skin 1
a: Renounce Religion, Berserk, Trog's Hand, Brothers in Arms


You were in the Dungeon.
You worshipped Trog.
Trog was extremely pleased with you.
You visited 1 branch

Inventory:

Armour
 a - a +0 animal skin (worn)
Scrolls
 g - a scroll of blinking
 i - 2 scrolls of vulnerability
 j - a scroll of summoning
Potions
 b - 6 potions of curing
 c - 5 potions of heal wounds
 d - a potion of haste
 e - 4 potions of magic
 f - 3 potions of berserk rage
 h - a potion of invisibility


   Skills:
 + Level 10.1 Fighting
 + Level 10.0 Dodging
 + Level 11.8 Unarmed Combat


You had 7 spell levels left.
You didn't know any spells.
Your spell library was empty.

Dungeon Overview and Level Annotations

Branches:
Dungeon (1/1)

Altars:
Ashenzari
Cheibriados
Dithmenos
Elyvilon
Fedhas
Gozag
Hepliaklqana
Kikubaaqudgha
Makhleb
Nemelex Xobeh
Okawaru
Qazlal
Ru
Sif Muna
Trog
Uskayaw
Vehumet
Wu Jian
Xom
Yredelemnul
Zin
The Shining One
Jiyva
Lugonu

Annotations:
D Erica


Innate Abilities, Weirdness & Mutations

You are too large for most types of armour.
You have claws for hands.
Your natural rate of healing is unusually fast.
You are covered in fur. (AC +1)
You have tough skin. (AC +1)


Message History

You closely miss Erica.
Erica is lightly wounded.
Erica hits you with a +3 scimitar of flaming!
Erica burns you.
* * * LOW HITPOINT WARNING * * *
You scratch Erica.
Erica is moderately wounded.
Erica hits you with a +3 scimitar of flaming.
* * * LOW HITPOINT WARNING * * *
Erica burns you.
* * * LOW HITPOINT WARNING * * *
A red film seems to cover your vision as you go berserk!
You feel yourself moving faster!
You feel mighty!
Erica zaps a wand.
You resist with some effort.
You closely miss Erica.
Erica is moderately wounded.
You completely miss Erica.
Erica is moderately wounded.
Erica casts a spell at you.
You feel yourself slow down.
You closely miss Erica.
Erica is moderately wounded.
You mangle Erica!!
Erica is almost dead.
You hear a shout! x4
Erica zaps a wand.
Your will is overpowered!
You are confused.
You bump into the metal wall.
A gnoll bouda comes into view. It is wielding a +0 club.
Erica hits you with a +3 scimitar of flaming!!
* * * LOW HITPOINT WARNING * * *
Erica burns you!
* * * LOW HITPOINT WARNING * * *
You're too confused to move!
You feel a strong urge to attack something.
The gnoll bouda shouts!
A gnoll comes into view. It is wielding a +0 whip.
Erica hits you with a +3 scimitar of flaming!
You die...
Erica begins laughing uncontrollably.

#.#..#.†#[[##.......#
#.##'#..#'###...<...#
#.#........##.......#
#.#....)...##.......#
#'###########.......#
#..))...#.)##########
#)###...#.##
#.#.....#.#
#.#...#.#@#
#.....#.#†@.g..+
#...###.#'#....#
#.......'.#....#
########### ####


You could see Erica (unable to see you) and a gnoll (wandering, unable to see
you).

Vanquished Creatures
  A smoke demon (D)
  A fire bat (D)
  A floating eye (D)
  An ice beast (D)
  A necrophage (D)
  A gnoll sergeant (D)
  3 scorpions (D)
  A bullfrog (D)
  4 wights (D)
  5 gnolls (D)
  A river rat (D)
  2 ufetubi (D)
  An orc (D)
  A bat zombie (D)
  An endoplasm (D)
  A goblin (D)
  A hobgoblin (D)
  A ball python (D)
28 creatures vanquished.

Vanquished Creatures (collateral kills)
  A bog body (D)
1 creature vanquished.

Grand Total: 29 creatures vanquished

Notes
Turn   | Place    | Note
-------+----------+-------------------------------------------
     0 | D        | sircluck the Troll Berserker began the quest for the Orb.
     0 | D        | Reached XP level 1. HP: 22/22 MP: 0/0
    11 | D        | Noticed a scorpion
    14 | D        | Killed a scorpion
    15 | D        | Reached skill level 5 in Unarmed Combat
    15 | D        | Reached XP level 2. HP: 33/33 MP: 1/1
    15 | D        | Reached XP level 3. HP: 40/40 MP: 2/2
    19 | D        | Found a bloodstained altar of Trog.
    19 | D        | Found a shimmering blue altar of Sif Muna.
    19 | D        | Found a viscous altar of Jiyva.
    19 | D        | Found a hazy altar of Hepliaklqana.
    19 | D        | Found an opulent altar of Gozag.
    20 | D        | Found a glowing golden altar of the Shining One.
    20 | D        | Found a glowing silver altar of Zin.
    20 | D        | Found a basalt altar of Yredelemnul.
    20 | D        | Found a shimmering altar of Xom.
    20 | D        | Found an ornate altar of the Wu Jian Council.
    20 | D        | Found a sacrificial altar of Ru.
    20 | D        | Found a stormy altar of Qazlal.
    20 | D        | Found an iron altar of Okawaru.
    20 | D        | Found a sparkling altar of Nemelex Xobeh.
    20 | D        | Found a burning altar of Makhleb.
    20 | D        | Found a blossoming altar of Fedhas.
    20 | D        | Found a white marble altar of Elyvilon.
    20 | D        | Found a shadowy altar of Dithmenos.
    20 | D        | Found a snail-covered altar of Cheibriados.
    23 | D        | Found a corrupted altar of Lugonu.
    23 | D        | Found a radiant altar of Vehumet.
    24 | D        | Found an ancient bone altar of Kikubaaqudgha.
    24 | D        | Found a hide-covered altar of Uskayaw.
    24 | D        | Found a broken altar of Ashenzari.
    63 | D        | Reached XP level 4. HP: 43/49 MP: 3/3
    67 | D        | Reached ** piety under Trog
    92 | D        | Noticed a scorpion
    96 | D        | Killed a scorpion
    97 | D        | Reached skill level 5 in Fighting
    97 | D        | Reached skill level 5 in Dodging
    97 | D        | Reached skill level 6 in Unarmed Combat
    97 | D        | Reached XP level 5. HP: 47/57 MP: 4/4
   117 | D        | Noticed a floating eye
   119 | D        | Paralysed by a floating eye for 3 turns
   124 | D        | Killed a floating eye
   124 | D        | Reached *** piety under Trog
   125 | D        | Reached skill level 7 in Unarmed Combat
   221 | D        | Reached **** piety under Trog
   222 | D        | Reached skill level 8 in Unarmed Combat
   222 | D        | Reached XP level 6. HP: 56/68 MP: 5/5
   239 | D        | Noticed a fire bat
   262 | D        | Reached ***** piety under Trog
   263 | D        | Reached skill level 9 in Unarmed Combat
   275 | D        | Killed a fire bat
   276 | D        | Reached XP level 7. HP: 48/80 MP: 6/6
   292 | D        | Reached skill level 10 in Unarmed Combat
   293 | D        | Received a gift from Trog
   366 | D        | Noticed a smoke demon
   375 | D        | Killed a smoke demon
   376 | D        | Reached XP level 8. HP: 64/92 MP: 7/7
   409 | D        | Reached skill level 11 in Unarmed Combat
   423 | D        | Noticed Erica
   423 | D        | Noticed a bog body
   438 | D        | Killed a bog body
   438 | D        | Received a gift from Trog
   439 | D        | Reached skill level 10 in Fighting
   439 | D        | Reached skill level 10 in Dodging
   453 | D        | HP: 5/139 [Erica/+3 scimitar of flaming (9)]
   454 | D        | Mangled by Erica

Illustrated notes

Levels and vault maps discovered:
D:        pitsprint [storerooms_1, entrance_room_1, metal_vault_3, armoury_2,
          mini_pit_1, grid_room_1, main_hall_1, silver_pit, the_coven_2,
          the_vestibule_1, steel_vault_2, golden_pit, hallway_of_sentries,
          crystal_vault_5, iron_vault_1, final_vault]

Skill      XL: |  1  2  3  4  5  6  7  8 |
---------------+-------------------------+-----
Fighting       | 4 5 6 8 9 10 | 10.1
Dodging        | 4 5 6 8 9 10 | 10.0
Unarmed Combat | 5 6 8 9 10 11 | 11.8

Action                     |  1- 3 |  4- 6 |  7- 9 || total
---------------------------+-------+-------+-------++-------
  Melee: Unarmed           |     4 |    40 |    50 ||    94
         Punch             |     1 |     3 |     1 ||     5
 Invoke: Berserk           |       |       |     1 ||     1
         Brothers in Arms  |       |       |     1 ||     1
    Use: Potion            |       |       |     2 ||     2
 Armour: Animal skin       |     3 |    33 |    30 ||    66
  Dodge: Dodged            |     4 |    22 |    24 ||    50

Table legend: (Time is in decaauts)
 A = Elapsed time spent in this place.
 B = Non-inter-level travel time spent in this place.
 C = Inter-level travel time spent in this place.
 D = Time resting spent in this place.
 E = Time spent auto-exploring this place.
 F = Levels seen in this place.
 G = Mean time per level.
                   A        B        C        D        E       F      G
               +--------+--------+--------+--------+--------+-----+--------+
         Total |    437 |    437 |      0 |     36 |    197 |   1 |  437.0 |
       Dungeon |    437 |    437 |      0 |     36 |    197 |   1 |  437.0 |
               +--------+--------+--------+--------+--------+-----+--------+

Top non-repeatable levels by time:
       D: 437 daAuts
